 Dungeon Crawl Stone Soup version 0.19.1 (webtiles) character file.

247 siimphh the Shield-Bearer (level 6, -8/38 HPs)
             Began as a Gargoyle Fighter on Dec 24, 2016.
             Killed by divine providence
             ... invoked by an orc priest
              (14 damage)
             ... on level 3 of the Dungeon.
             The game lasted 00:23:05 (2110 turns).

siimphh the Shield-Bearer (Gargoyle Fighter)        Turns: 2110, Time: 00:23:12

Health: -8/38      AC: 16    Str: 21    XL:     6   Next: 11%
Magic:  15/15      EV:  4    Int:  8    God:
Gold:   109        SH:  9    Dex: 10    Spells: 0 memorised, 5 levels left

rFire  . . .     SeeInvis .     a - +0 flail
rCold  . . .     Gourm    .     o - +0 plate armour
rNeg   + . .     Faith    .     c - +0 shield
rPois  ∞         Spirit   .     (no helmet)
rElec  +         Reflect  .     (no cloak)
rCorr  +         Harm     .     (no gloves)
MR     .....                    (no boots)
Stlth  ..........               (no amulet)
                                m - ring of resist corrosion
                                g - ring of magical power

@: no status effects
A: negative energy resistance 1, electricity resistance, unbreathing,
petrification resistance, rot immunity, AC +4
a: no special abilities


You were on level 3 of the Dungeon.
You were not hungry.

You visited 1 branch of the dungeon, and saw 3 of its levels.

You collected 109 gold pieces.

Inventory:

Hand Weapons
 a - a +0 flail (weapon)
 x - a +2 whip of electrocution
Armour
 c - a +0 shield (worn)
 o - a +0 plate armour (worn)
 r - a +0 scale mail
Jewellery
 g - a ring of magical power (left hand)
 m - a ring of resist corrosion (right hand)
Potions
 b - a potion of haste
 d - a potion of might
 e - 2 potions of agility
 n - 3 potions of curing
Comestibles
 f - a bread ration
 h - 5 meat rations
 i - a royal jelly
 j - a chunk of flesh


   Skills:
 + Level 4.0 Fighting
 + Level 4.0 Maces & Flails
 + Level 4.2 Armour
 + Level 0.2 Dodging
 + Level 4.8 Shields


You had 5 spell levels left.
You didn't know any spells.

Dungeon Overview and Level Annotations

Branches:
Dungeon (3/15)

Altars:
Ashenzari


Innate Abilities, Weirdness & Mutations

You are resistant to torment.
Your stone body is resilient. (AC +4)
You are immune to poison.
You resist negative energy. (rN+)
You are resistant to electric shocks. (rElec)
You can survive without breathing.
You are immune to petrification.
You are immune to rotting.


Message History

Your shield and plate armour prevent you from hitting the orc.
The orc hits you but does no damage.
You hit the orc.
The orc is heavily wounded.
You block the orc's attack.
Your magical contamination has completely faded away.
You closely miss the orc.
The orc is heavily wounded.
You block the orc's attack.
You hit the orc but do no damage.
The orc is heavily wounded.
The orc hits you but does no damage.
Your shield and plate armour prevent you from hitting the orc.
The orc is heavily wounded.
The orc priest calls down the wrath of Beogh upon you.
Beogh smites you!
* * * LOW HITPOINT WARNING * * *
The orc priest mumbles some strange prayers to Beogh against you.
Beogh smites you!
You die...

##.####.g.## #..g(#
#.##g## .
#.####.##.(### #..
#.........K..######...#
######.##.##.ogg....###
#.##.####oKK......
#.##.## ##o#######
#...÷.####@#
##.........#
#..).###### #.#.##
#.#.# #.######.#.#
...........#
########.#)# #.#.#


You could see 2 orc priests, an orc, a hobgoblin, a goblin and 2 kobolds.

Vanquished Creatures
  The ghost of Tiuover the Poker, an amateur DrCK of Xom (D:3)
  An orc priest (D:3)
  4 adders
  2 oozes
  5 worms
  A dart slug (D:1)
  A leopard gecko (D:2)
  5 orcs (D:3)
  3 giant cockroaches
  9 goblins
  8 hobgoblins
  2 jackals (D:3)
  2 quokkas
  2 ball pythons (D:2)
  7 bats
  A frilled lizard (D:2)
  8 kobolds
  5 rats
67 creatures vanquished.

Notes
Turn   | Place    | Note
-------+----------+-------------------------------------------
     0 | D:1      | siimphh the Gargoyle Fighter began the quest for the Orb.
     0 | D:1      | Reached XP level 1. HP: 14/14 MP: 1/1
   171 | D:1      | Reached XP level 2. HP: 14/19 MP: 2/2
   195 | D:1      | Found a shattered altar of Ashenzari.
   577 | D:2      | Reached XP level 3. HP: 18/23 MP: 3/3
   797 | D:2      | Reached XP level 4. HP: 12/28 MP: 4/4
  1761 | D:3      | Reached XP level 5. HP: 27/33 MP: 5/5
  1823 | D:3      | Noticed Tiuover's ghost (amateur DrCK)
  1884 | D:3      | Killed Tiuover's ghost
  2081 | D:3      | Reached XP level 6. HP: 38/38 MP: 6/6
  2110 | D:3      | Killed from afar by an orc priest

Skill      XL: |  1  2  3  4  5 |
---------------+----------------+-----
Shields        | 4 |  4.8
Maces & Flails | 3 4 |  4.0
Armour         | 4 |  4.2
Fighting       | 4 |  4.0
Dodging        | |  0.2

Action                   |  1- 3 |  4- 6 || total
-------------------------+-------+-------++-------
Melee: Flail             |   158 |   230 ||   388
       Mace              |       |    38 ||    38
  Use: Scroll            |       |     6 ||     6
       Potion            |       |     5 ||     5
  Eat: Chunk             |       |     5 ||     5
Armor: Scale mail        |    65 |    12 ||    77
       Plate armour      |       |   173 ||   173
Dodge: Dodged            |    56 |    40 ||    96
Block: Shield            |    75 |   137 ||   212
